 Dungeon Sprint DCSS version 0.30.0-29-ga12c61a403 (webtiles) character file.

Game seed: 6334472652449590001

359777 Groucho the Conqueror (level 20, -7/141 HPs)
             Began as a Gargoyle Gladiator on June 24, 2023.
             Was a Priest of Cheibriados.
             Killed from afar by an acid blob (11 damage)
             ... with a splash of acid
             ... created by the Royal Jelly
             ... in the Dungeon (Sprint IX: "|||||||||||||||||||||||||||||").
             The game lasted 00:34:19 (15311 turns).

Groucho the Conqueror (Gargoyle Gladiator)         Turns: 15311, Time: 00:34:20

Health: -7/141     AC: 31    Str: 28    XL:     20   Next: 46%
Magic:  44/44      EV: 32    Int: 20    God:    Cheibriados [***...]
Gold:   1167       SH: 22    Dex: 26    Spells: 69/70 levels left

rFire   + + .        n - +10 zealot's sword {holy, Zealotry, *Rage rN+ EV+3}
rCold   + + .        q - +2 kite shield {AC+3}
rNeg    + + .        p - +6 gold dragon scales
rPois   ∞            L - +1 helmet
rElec   +            o - +1 cloak
rCorr   +            u - +0 pair of gloves
SInv    .            a - +0 pair of boots
Will    +....        X - amulet "Fuxkeck" {Regen+ Dex+3} Stlth
                     F - +2 ring of slaying
HPRegen 1.23/turn    J - +5 ring of evasion
MPRegen 0.29/turn

%: no teleportation, random rage (20%)
@: resistant, corroded, on berserk cooldown, flying, slowed, unable to read,
very slow
A: sickness immunity, AC +15, big wings, negative energy resistance 1,
electricity resistance, torment resistance 1, petrification resistance, deformed
body, frail 1, low MP 1, subdued magic 1, inability to read after injury 1
}: 6/17 runes: decaying, serpentine, barnacled, elven, silver, gossamer
a: Renounce Religion, Bend Time, Temporal Distortion


You were in the Dungeon.
You worshipped Cheibriados.
Cheibriados was most pleased with you.
You visited 1 branch You collected 1982 gold pieces.
You spent 815 gold pieces at shops.

Inventory:

Hand Weapons
 b - a +5 demon whip of venom
 n - the +10 zealot's sword (weapon) {holy, Zealotry, *Rage rN+ EV+3}
   (You found it in the Dungeon)

   Zealotry:  Whenever the wielder enters a berserk rage, their allies are
   berserked alongside them.
   EV:        It affects your evasion (+3).
   rN:        It protects you from negative energy.
   *Rage:     It berserks you when you make melee attacks (+20% chance).
 C - the +7 great mace "Undeadhunter" {deathbane, rN+}
   (You found it in the Dungeon)

   rN:        It protects you from negative energy.
 K - the +7 lajatang of Order {silver, rMut}
   (You found it in the Dungeon)

   rMut:      It protects you from mutation.
Missiles
 e - 11 javelins (quivered)
 O - 3 silver javelins
Armour
 a - a +0 pair of boots (worn)
 o - a +1 cloak (worn)
 p - +6 gold dragon scales (worn)
 q - a +2 kite shield of protection (worn)
 u - a +0 pair of gloves (worn)
 L - a +1 helmet (worn)
Jewellery
 A - a ring of protection from fire
 F - a +2 ring of slaying (left hand)
 I - a +4 ring of evasion
 J - a +5 ring of evasion (right hand)
 R - a ring of wizardry
 V - the ring "Karhaixt" {rElec rPois rC+ AC+3}
   (You found it in the Dungeon)

   [ring of protection]

   AC:        It affects your AC (+3).
   rC:        It protects you from cold.
   rElec:     It insulates you from electricity.
   rPois:     It protects you from poison.
 X - the amulet "Fuxkeck" (around neck) {Regen+ Dex+3}
   (You found it in the Dungeon)

   [amulet of regeneration]

   Dex:       It affects your dexterity (+3).
   Regen:     It increases your rate of health regeneration.
 Y - the ring of Siemoola {rC+ Dex+4}
   (You found it in the Dungeon)

   [ring of protection from cold]

   Dex:       It affects your dexterity (+4).
   rC:        It protects you from cold.
Wands
 m - a wand of roots (10)
 v - a wand of polymorph (12)
 E - a wand of flame (8)
Scrolls
 k - 5 scrolls of blinking
 l - 2 scrolls of amnesia
 s - 7 scrolls of fear
 t - 16 scrolls of enchant weapon
 w - 2 scrolls of identify
 N - 4 scrolls of fog
 Q - a scroll of vulnerability {unknown}
Potions
 c - a potion of resistance
 g - 8 potions of heal wounds
 i - 5 potions of magic
 j - 13 potions of curing
 r - 3 potions of berserk rage
 x - a potion of attraction {unknown}
 z - a potion of brilliance
 S - a potion of cancellation {unknown}
 U - a potion of lignification {unknown}


   Skills:
 O Level 27 Fighting
 * Level 21.9 Long Blades
 O Level 27 Maces & Flails
 - Level 1.7 Throwing
 O Level 27 Armour
 + Level 24.2 Dodging
 O Level 27 Shields
 * Level 25.5 Spellcasting
 O Level 27 Invocations


You had 69 spell levels left.
You knew the following spells:

 Your Spells              Type           Power      Damage    Failure   Level
a - Summon Small Mammal   Summ           76%        N/A       7%          1

Your spell library contained the following spells:

 Spells                   Type           Power      Damage    Failure   Level
 Call Canine Familiar     Summ           19%        N/A       21%         3
 Summon Guardian Golem    Hex/Summ       19%        N/A       21%         3


Dungeon Overview and Level Annotations

Branches:
Dungeon (1/1)

Altars:
Cheibriados
Dithmenos
Elyvilon
Fedhas
Gozag
Hepliaklqana
Kikubaaqudgha
Makhleb
Nemelex Xobeh
Okawaru
Qazlal
Ru
Sif Muna
Trog
Uskayaw
Vehumet
Wu Jian
Xom
Yredelemnul
Zin
The Shining One
Jiyva
Lugonu

Shops:
D *:*?

Annotations:
D Royal Jelly


Innate Abilities, Weirdness & Mutations

You are immune to sickness and miasma.
Your stone body is resilient. (AC +15)
You are immune to poison.
Your large and strong wings let you fly.
You resist negative energy. (rN+)
You are resistant to electric shocks. (rElec)
You are resistant to unholy torment.
You are immune to petrification.
Armour fits poorly on your strangely shaped body.
You are frail. (-10% HP)
Your magical capacity is low. (-10% MP)
Your spells are a little easier to cast, but a little less powerful.
You occasionally lose the ability to read scrolls when taking damage.


Message History

The acid blob spits acid at you. You block the splash of acid.
You hit the acid blob.
Your hands burn!
* * * LOW HITPOINT WARNING * * *
The acid blob is almost dead.
The acid blob barely misses you. You block the acid blob's attack.
You slice the acid blob!!
You kill the acid blob!
That felt strangely unrewarding.
The acid blob misses you.
You slash the Royal Jelly!
Your hands burn!
* * * LOW HITPOINT WARNING * * *
The Royal Jelly is almost dead.
The Royal Jelly shudders.
The Royal Jelly spits out another jelly.
The Royal Jelly completely misses you. x2
The acid blob spits acid at you.
The splash of acid hits you but does no damage.
The acid corrodes you! The Royal Jelly misses you. The Royal Jelly hits you!!
You feel threatened and lose the ability to read scrolls!
* * * LOW HITPOINT WARNING * * *
You are splashed with acid.
You resist.
* * * LOW HITPOINT WARNING * * *
You hit the Royal Jelly.
Your hands burn!
* * * LOW HITPOINT WARNING * * *
The Royal Jelly is almost dead.
The Royal Jelly shudders.
The Royal Jelly spits out another jelly.
The acid blob completely misses you.
The Royal Jelly completely misses you. x2
You slash the Royal Jelly!
Your hands burn!
* * * LOW HITPOINT WARNING * * *
The Royal Jelly is almost dead.
The Royal Jelly shudders.
The Royal Jelly spits out another jelly.
You block the Royal Jelly's attack. The Royal Jelly hits you!
* * * LOW HITPOINT WARNING * * *
You are splashed with acid.
You resist.
* * * LOW HITPOINT WARNING * * *
The acid blob spits acid at you. The splash of acid hits you! You resist.
You die...

....[)†.......)...)).[))[[.'.....
▓▓▓▓▓▓▓▓▓▓▓▓▓▓▓▓▓▓▓▓▓▓▓▓▓▓▓▓▓▓▓▓▓
.................................
▓▓▓▓▓▓▓▓▓▓▓▓▓▓▓▓▓▓▓▓▓▓▓▓▓▓▓▓▓▓▓▓▓
.....')'.'.'........'..........'.
▓▓▓▓▓▓▓▓▓▓▓▓▓▓▓▓▓▓▓▓▓▓▓▓▓▓▓▓▓▓▓▓▓
.................................
▓▓▓▓▓▓▓▓▓▓▓▓▓▓♣♣♣♣♣♣♣♣♣♣♣♣▓▓▓▓▓▓▓
.JJ.J)J)J.))JJJJ@JJ.....[.[..).))
▓▓▓▓▓▓▓▓▓▓▓▓▓▓♣♣♣♣♣♣♣♣♣♣♣♣▓▓▓▓▓▓▓


You could see the Royal Jelly, 2 acid blobs, an azure jelly and 2 quicksilver
oozes.

Vanquished Creatures
  4 orbs of fire (D)
  5 ancient liches (D)
  Mara (D)
  A royal mummy (D)
  Sojobo (D)
  A Killer Klown (D)
  Frederick (D)
  Margery (D)
  2 curse toes (D)
  3 golden dragons (D)
  Jory (D)
  2 bone dragons (D)
  5 electric golems (D)
  5 tentacled monstrosities (D)
  28 Orb Guardians (D)
  4 deep elf blademasters (D)
  2 liches (D)
  3 quicksilver dragons (D)
  A deep elf master archer (D)
  Frances (D)
  13 acid blobs (D)
  2 sphinxes (D)
  4 death cobs (D)
  A tentacled starspawn (D)
  3 tengu reavers (D)
  8 shadow dragons (D)
  2 storm dragons (D)
  Kirke (D)
  2 draconian monks (D)
  Ilsuiw (D)
  7 rockslimes (D)
  4 draconian knights (D)
  A fire giant (D)
  7 azure jellies (D)
  An iron dragon (D)
  6 nagarajas (D)
  A frost giant (D)
  2 deep elf sorcerers (D)
  Aizul (D)
  6 emperor scorpions (D)
  2 draconian scorchers (D)
  3 ghost moths (D)
  A vault warden (D)
  A draconian shifter (D)
  5 draconian stormcallers (D)
  6 quicksilver oozes (D)
  A very ugly thing (D)
  10 stone giants (D)
  2 ironbound preservers (D)
  2 ironbound thunderhulks (D)
  A green draconian (D)
  2 deep elf annihilators (D)
  A black draconian (D)
  7 vampire knights (D)
  A deep elf demonologist (D)
  A bunyip (shapeshifter) (D)
  A purple draconian (D)
  2 dire elephants (D)
  2 eleionomae (D)
  2 bunyips (D)
  A spark wasp (D)
  4 yellow draconians (D)
  2 red draconians (D)
  Snorg (D)
  3 ettins (D)
  2 deep elf death magi (D)
  3 merfolk impalers (D)
  3 fire dragons (D)
  6 merfolk javelineers (D)
  4 deep elf high priests (D)
  A yaktaur captain (D)
  2 entropy weavers (D)
  2 great orbs of eyes (D)
  A rakshasa (D)
  3 ice dragons (D)
  25 vault guards (D)
  An ogre mage (D)
  2 spriggan air magi (D)
  2 centaur warriors (D)
  A catoblepas (D)
  9 hydras (D)
  An alligator (D)
  6 boulder beetles (D)
  2 naga warriors (D)
  An ironbound frostheart (D)
  A deep troll shaman (D)
  4 tengu warriors (D)
  A deep troll earth mage (D)
  A death yak (D)
  6 hell knights (D)
  A naga sharpshooter (D)
  2 spriggan berserkers (D)
  6 orc high priests (D)
  A skyshark (D)
  A goliath frog (D)
  2 naga ritualists (D)
  A lindwurm (D)
  A sea snake (D)
  4 swamp dragons (D)
  4 ironbound convokers (D)
  A harpy (D)
  2 glowing orange brains (D)
  13 orc knights (D)
  2 wizards (D)
  2 necromancers (D)
  2 wolf spiders (D)
  An orc sorcerer (D)
  A will-o-the-wisp (D)
  A salamander (D)
  A cyclops (D)
  A manticore (D)
  A deep elf pyromancer (D)
  10 moths of wrath (D)
  Maurice (D)
  A merfolk siren (D)
  2 guardian serpents (D)
  3 black mambas (D)
  4 vault sentinels (D)
  3 demonic crawlers (D)
  2 elephants (D)
  2 naga magi (D)
  5 cane toads (D)
  A komodo dragon (D)
  A guardian mummy (D)
  6 merfolk (D)
  2 trolls (D)
  3 blink frogs (D)
  3 snapping turtles (D)
  2 slime creatures (D)
  A vampire (D)
  3 yaks (D)
  A wyvern (D)
  11 spriggans (D)
  A culicivora (D)
  3 hogs (D)
  A basilisk (D)
  A redback (D)
  3 vampire mosquitoes (D)
  4 nagas (D)
  2 acid dragons (D)
  10 orc warriors (D)
  2 swamp drakes (D)
  7 bullfrogs (D)
  A gnoll sergeant (D)
  A howler monkey (D)
  3 orc priests (D)
  A jelly (D)
  An iguana (D)
  An orc wizard (D)
  An adder (D)
  A dart slug (D)
  9 orcs (D)
  An endoplasm (D)
  A hobgoblin (D)
  A bat (D)
  A frilled lizard (D)
  3 foxfires (D)
477 creatures vanquished.

Vanquished Creatures (others)
  A naga mage (D)
  A human (D)
  A starspawn tentacle (D)
3 creatures vanquished.

Grand Total: 480 creatures vanquished

Notes
Turn   | Place    | Note
-------+----------+-------------------------------------------
     0 | D        | Groucho the Gargoyle Gladiator began the quest for the Orb.
     0 | D        | Reached XP level 1. HP: 12/12 MP: 1/1
    16 | D        | Reached skill level 1 in Armour
    16 | D        | Reached skill level 1 in Invocations
    22 | D        | Reached XP level 2. HP: 18/18 MP: 1/3
   241 | D        | Reached XP level 3. HP: 23/23 MP: 3/5
   243 | D        | Reached XP level 4. HP: 14/29 MP: 3/6
   549 | D        | Found a snail-covered altar of Cheibriados.
   549 | D        | Found a shadowy altar of Dithmenos.
   549 | D        | Found a white marble altar of Elyvilon.
   549 | D        | Found a blossoming altar of Fedhas.
   549 | D        | Found an opulent altar of Gozag.
   550 | D        | Found a hazy altar of Hepliaklqana.
   551 | D        | Found a viscous altar of Jiyva.
   552 | D        | Found an ancient bone altar of Kikubaaqudgha.
   553 | D        | Became a worshipper of Cheibriados the Contemplative
   554 | D        | Found a corrupted altar of Lugonu.
   555 | D        | Found a burning altar of Makhleb.
   556 | D        | Found a sparkling altar of Nemelex Xobeh.
   557 | D        | Found an iron altar of Okawaru.
   558 | D        | Found a stormy altar of Qazlal.
   559 | D        | Found a sacrificial altar of Ru.
   560 | D        | Found a shimmering blue altar of Sif Muna.
   561 | D        | Found a bloodstained altar of Trog.
   562 | D        | Found a hide-covered altar of Uskayaw.
   563 | D        | Found a radiant altar of Vehumet.
   564 | D        | Found an ornate altar of the Wu Jian Council.
   565 | D        | Found a shimmering altar of Xom.
   566 | D        | Found a basalt altar of Yredelemnul.
   567 | D        | Found a glowing silver altar of Zin.
   568 | D        | Found a glowing golden altar of the Shining One.
   576 | D        | Found the +10 zealot's sword {holy, Zealotry, *Rage rN+
                  | EV+3}
   637 | D        | Noticed a yak
   637 | D        | Noticed a gnoll sergeant
   637 | D        | Noticed a yak
   637 | D        | Noticed a yak
   637 | D        | Noticed a vampire mosquito
   642 | D        | Killed a vampire mosquito
   642 | D        | Reached * piety under Cheibriados
   643 | D        | Reached skill level 5 in Fighting
   643 | D        | Reached skill level 5 in Armour
   643 | D        | Reached skill level 5 in Invocations
   643 | D        | Reached XP level 5. HP: 36/36 MP: 6/9
   643 | D        | Reached XP level 6. HP: 41/41 MP: 6/10
   645 | D        | Killed a yak
   646 | D        | Reached skill level 5 in Long Blades
   646 | D        | Reached skill level 5 in Dodging
   647 | D        | Killed a yak
   647 | D        | Reached ** piety under Cheibriados
   648 | D        | Reached XP level 7. HP: 48/48 MP: 6/12
   653 | D        | Killed a yak
   653 | D        | Reached *** piety under Cheibriados
   698 | D        | Noticed a vampire
   698 | D        | Noticed a troll
   698 | D        | Noticed a tengu warrior
   698 | D        | Noticed a troll
   698 | D        | Noticed a centaur warrior
   705 | D        | Killed a centaur warrior
   706 | D        | Reached skill level 5 in Maces & Flails
   706 | D        | Reached XP level 8. HP: 55/55 MP: 12/14
   708 | D        | Killed a troll
   708 | D        | Reached **** piety under Cheibriados
   719 | D        | Killed a tengu warrior
   720 | D        | Reached XP level 9. HP: 60/60 MP: 13/15
   721 | D        | Killed a troll
   722 | D        | Reached skill level 10 in Long Blades
   728 | D        | Reached ***** piety under Cheibriados
   879 | D        | Noticed a komodo dragon
   879 | D        | Noticed a death yak
   879 | D        | Noticed a cane toad
   880 | D        | Noticed a black mamba
   881 | D        | Killed a black mamba
   882 | D        | Killed a cane toad
   883 | D        | Reached skill level 10 in Fighting
   883 | D        | Reached skill level 10 in Invocations
   883 | D        | Reached XP level 10. HP: 68/68 MP: 6/17
   883 | D        | Noticed a catoblepas
   884 | D        | Reached skill level 10 in Armour
   884 | D        | Killed a death yak
   893 | D        | Killed a catoblepas
   894 | D        | Reached ****** piety under Cheibriados
  1075 | D        | Noticed a six-headed hydra
  1075 | D        | Noticed a black mamba
  1075 | D        | Noticed a skyshark
  1075 | D        | Noticed a cane toad
  1075 | D        | Noticed an elephant
  1079 | D        | Killed an elephant
  1080 | D        | Killed a cane toad
  1081 | D        | Reached skill level 5 in Shields
  1083 | D        | Killed a skyshark
  1083 | D        | Noticed a cane toad
  1086 | D        | Noticed an elephant
  1088 | D        | Killed a ten-headed hydra
  1089 | D        | Reached XP level 11. HP: 74/74 MP: 17/19
  1841 | D        | Noticed Maurice
  1849 | D        | Killed Maurice
  1850 | D        | Reached skill level 10 in Maces & Flails
  1907 | D        | Noticed an orc knight
  1916 | D        | Killed an orc knight
  1917 | D        | Noticed an orc knight
  1923 | D        | Killed an orc knight
  1924 | D        | Reached skill level 10 in Dodging
  1962 | D        | Noticed an orc knight
  1965 | D        | Noticed an orc knight
  1967 | D        | Killed an orc knight
  1968 | D        | Noticed an orc sorcerer
  1972 | D        | Killed an orc knight
  1977 | D        | Killed an orc sorcerer
  2027 | D        | Found Nuplum's Magic Scroll Boutique.
  2027 | D        | Noticed an orc knight
  2027 | D        | Noticed an orc knight
  2027 | D        | Noticed an orc high priest
  2027 | D        | Noticed an orc knight
  2027 | D        | Noticed an orc knight
  2028 | D        | Noticed an orc high priest
  2031 | D        | Killed an orc high priest
  2031 | D        | Killed an orc high priest
  2032 | D        | Reached XP level 12. HP: 64/84 MP: 5/21
  2038 | D        | Found Giawibe's Assorted Antiques.
  2038 | D        | Noticed an orc high priest
  2040 | D        | Found Uqaes's Book Boutique.
  2045 | D        | Killed an orc high priest
  2046 | D        | Reached skill level 10 in Shields
  2052 | D        | Found Miloff's General Store.
  2054 | D        | Noticed an orc high priest
  2059 | D        | Noticed a soul eater
  2067 | D        | Noticed an orc high priest
  2067 | D        | Noticed an orc high priest
  2070 | D        | Killed an orc high priest
  2075 | D        | Killed an orc high priest
  2077 | D        | Killed an orc high priest
  2327 | D        | Bought a scroll of identify for 22 gold pieces
  2327 | D        | Bought a scroll of enchant weapon for 82 gold pieces
  2327 | D        | Bought a scroll of enchant weapon for 82 gold pieces
  2327 | D        | Bought a scroll of enchant weapon for 82 gold pieces
  2329 | D        | Bought a scroll of blinking for 217 gold pieces
  2329 | D        | Bought a potion of curing for 87 gold pieces
  2329 | D        | Bought a scroll of enchant weapon for 217 gold pieces
  2329 | D        | Bought a red potion for 26 gold pieces
  2426 | D        | Found the +7 great mace "Undeadhunter" {deathbane, rN+}
  2448 | D        | Got the +9 falchion "Saed Ama" {heavy, rC+ Dex+4}
  2521 | D        | Noticed a boulder beetle
  2521 | D        | Noticed a boulder beetle
  2521 | D        | Noticed a boulder beetle
  2526 | D        | Killed a boulder beetle
  2526 | D        | Noticed a boulder beetle
  2530 | D        | Killed a boulder beetle
  2531 | D        | Killed a boulder beetle
  2531 | D        | Noticed a hell knight
  2535 | D        | Noticed a stone giant
  2540 | D        | Noticed a tengu warrior
  2547 | D        | Killed a stone giant
  2550 | D        | Killed a boulder beetle
  2551 | D        | Reached XP level 13. HP: 91/91 MP: 5/24
  2553 | D        | Reached skill level 15 in Fighting
  2563 | D        | Noticed a spark wasp
  2564 | D        | Reached skill level 15 in Invocations
  2571 | D        | Noticed a fire dragon
  2573 | D        | Killed a spark wasp
  2574 | D        | Reached skill level 15 in Armour
  2586 | D        | Killed a fire dragon
  2683 | D        | Noticed Kirke
  2697 | D        | Killed Kirke
  2987 | D        | Noticed Aizul
  2998 | D        | Killed Aizul
  3230 | D        | Noticed an entropy weaver
  3237 | D        | Noticed an entropy weaver
  3249 | D        | Killed an entropy weaver
  3276 | D        | Killed an entropy weaver
  3757 | D        | Noticed a bunyip
  3757 | D        | Noticed an eleionoma
  3763 | D        | Killed an eleionoma
  3763 | D        | Noticed an eleionoma
  3771 | D        | Noticed a bunyip
  3777 | D        | Killed a bunyip
  3777 | D        | Killed a bunyip
  3778 | D        | Gained mutation: Your large and strong wings let you fly.
                  | [Gargoyle growth]
  3778 | D        | Reached XP level 14. HP: 97/100 MP: 15/26
  3787 | D        | Killed an eleionoma
  4114 | D        | Reached skill level 15 in Maces & Flails
  4293 | D        | Noticed Snorg
  4306 | D        | Killed Snorg
  4340 | D        | Noticed Frances
  4349 | D        | Killed Frances
  4696 | D        | Noticed a stone giant
  4696 | D        | Noticed a stone giant
  4696 | D        | Noticed a stone giant
  4699 | D        | Reached skill level 15 in Shields
  4703 | D        | Killed a stone giant
  4703 | D        | Killed a stone giant
  4704 | D        | Killed a stone giant
  4734 | D        | Noticed a frost giant
  4750 | D        | Killed a frost giant
  5375 | D        | Noticed an ironbound preserver
  5375 | D        | Noticed a dire elephant
  5375 | D        | Noticed an ironbound thunderhulk
  5378 | D        | Noticed a dire elephant
  5382 | D        | Killed a dire elephant
  5382 | D        | Killed an ironbound preserver
  5388 | D        | Killed a dire elephant
  5393 | D        | Reached XP level 15. HP: 92/110 MP: 2/28
  5398 | D        | Reached skill level 15 in Dodging
  5407 | D        | Noticed a royal mummy
  5415 | D        | Noticed an emperor scorpion
  5415 | D        | Killed a royal mummy
  5456 | D        | Noticed a sphinx
  5457 | D        | Noticed a tentacled starspawn
  5464 | D        | Killed a sphinx
  5469 | D        | Killed a tentacled starspawn
  5470 | D        | Paralysed by something for 3 turns
  5937 | D        | Found the +7 lajatang of Order {silver, rMut}
  5941 | D        | Found the +3 pair of seven-league boots {Rampage+∞}
  6036 | D        | Noticed Sojobo
  6036 | D        | Noticed a tengu reaver
  6037 | D        | Noticed a tengu reaver
  6049 | D        | Killed Sojobo
  6062 | D        | Killed a tengu reaver
  6077 | D        | Killed a tengu reaver
  6335 | D        | Noticed Ilsuiw
  6345 | D        | Killed Ilsuiw
  6367 | D        | Got a barnacled rune of Zot
  6711 | D        | Reached XP level 16. HP: 121/121 MP: 3/30
  6740 | D        | Got a decaying rune of Zot
  6975 | D        | Noticed a nagaraja
  6975 | D        | Noticed a nagaraja
  6976 | D        | Noticed a nagaraja
  6980 | D        | Noticed a nagaraja
  6983 | D        | Noticed a nagaraja
  6987 | D        | Killed a nagaraja
  6991 | D        | Killed a nagaraja
  6992 | D        | Noticed a nagaraja
  6994 | D        | Killed a nagaraja
  6994 | D        | Killed a nagaraja
  6998 | D        | Killed a nagaraja
  7002 | D        | Killed a nagaraja
  7008 | D        | Got a serpentine rune of Zot
  7353 | D        | Got a gossamer rune of Zot
  7688 | D        | Noticed Mara
  7695 | D        | Noticed Groucho's illusion
  7695 | D        | Killed Mara
  9159 | D        | Noticed a golden dragon
  9159 | D        | Noticed an ancient lich
  9159 | D        | Noticed a tengu reaver
  9166 | D        | Killed an ancient lich
  9167 | D        | Reached XP level 17. HP: 131/131 MP: 32/32
  9178 | D        | Killed a golden dragon
  9183 | D        | Reached skill level 5 in Spellcasting
  9184 | D        | Noticed a sphinx
  9202 | D        | Killed a sphinx
  9564 | D        | Noticed a quicksilver dragon
  9564 | D        | Noticed a golden dragon
  9564 | D        | Identified the +6 dagger of Roduy {venom, Contam +Blink rC+
                  | Dex+7}
  9570 | D        | Killed a golden dragon
  9594 | D        | Killed a quicksilver dragon
  9608 | D        | Identified the staff of fire "Xeinisasamp" {rElec rF+
                  | Will+}
  9627 | D        | Got a silver rune of Zot
  9673 | D        | Noticed Frederick
  9693 | D        | Killed Frederick
 10110 | D        | Got the ring "Karhaixt" {rElec rPois rC+ AC+3}
 10112 | D        | Got the ring "Boarry" {rPois Int+3 Dex+2}
 10114 | D        | Got the amulet "Fuxkeck" {Regen+ Dex+3}
 10116 | D        | Got the ring of Siemoola {rC+ Dex+4}
 10118 | D        | Got the ring of the Open Hand {rC+ Dex+3 Stlth+}
 10157 | D        | Got the +4 chain mail of Winter {rPois Str-4 Int+4 Slay+5}
 10225 | D        | Noticed Margery
 10233 | D        | Killed Margery
 10234 | D        | Reached skill level 10 in Spellcasting
 10449 | D        | Learned a level 1 spell: Summon Small Mammal
 10482 | D        | Noticed Jory
 10497 | D        | Killed Jory
 10538 | D        | Noticed a tentacled monstrosity
 10547 | D        | Killed a tentacled monstrosity
 10921 | D        | Noticed a bone dragon
 10929 | D        | Killed a bone dragon
 10943 | D        | Noticed a bone dragon
 10949 | D        | Reached XP level 18. HP: 136/140 MP: 14/34
 10954 | D        | Killed a bone dragon
 11195 | D        | Noticed a tentacled monstrosity
 11195 | D        | Noticed an electric golem
 11206 | D        | Killed an electric golem
 11226 | D        | Killed a tentacled monstrosity
 11444 | D        | Noticed an electric golem
 11447 | D        | Killed an electric golem
 11448 | D        | Noticed a quicksilver dragon
 11464 | D        | Killed a quicksilver dragon
 11532 | D        | Reached skill level 15 in Spellcasting
 11800 | D        | Noticed a tentacled monstrosity
 11807 | D        | Noticed a tentacled monstrosity
 11810 | D        | Noticed a quicksilver dragon
 11824 | D        | Killed a tentacled monstrosity
 11833 | D        | Killed a tentacled monstrosity
 11856 | D        | Killed a quicksilver dragon
 11966 | D        | Noticed an Orb Guardian
 11966 | D        | Noticed an Orb Guardian
 11966 | D        | Noticed an Orb Guardian
 11966 | D        | Noticed an Orb Guardian
 11966 | D        | Noticed an Orb Guardian
 11966 | D        | Noticed an Orb Guardian
 11971 | D        | Killed an Orb Guardian
 11973 | D        | Noticed an Orb Guardian
 11976 | D        | Killed an Orb Guardian
 11988 | D        | Killed an Orb Guardian
 11993 | D        | Killed an Orb Guardian
 11999 | D        | Noticed an Orb Guardian
 12001 | D        | Killed an Orb Guardian
 12010 | D        | Killed an Orb Guardian
 12016 | D        | Killed an Orb Guardian
 12023 | D        | Killed an Orb Guardian
 12025 | D        | Noticed an Orb Guardian
 12026 | D        | Noticed an Orb Guardian
 12032 | D        | Killed an Orb Guardian
 12041 | D        | Killed an Orb Guardian
 12394 | D        | Noticed a golden dragon
 12394 | D        | Noticed an Orb Guardian
 12394 | D        | Noticed an Orb Guardian
 12394 | D        | Noticed a curse toe
 12394 | D        | Noticed a curse toe
 12395 | D        | Noticed an Orb Guardian
 12398 | D        | Killed an Orb Guardian
 12398 | D        | Killed an Orb Guardian
 12398 | D        | Killed an Orb Guardian
 12399 | D        | Noticed an Orb Guardian
 12400 | D        | Killed a curse toe
 12405 | D        | Killed a curse toe
 12406 | D        | Reached XP level 19. HP: 150/150 MP: 26/41
 12407 | D        | Killed a golden dragon
 12552 | D        | Noticed an ancient lich
 12559 | D        | Killed an ancient lich
 12560 | D        | Reached skill level 27 in Fighting
 12562 | D        | Noticed an orb of fire
 12571 | D        | Killed an orb of fire
 12572 | D        | Reached skill level 27 in Invocations
 12599 | D        | Noticed an electric golem
 12607 | D        | Killed an electric golem
 12608 | D        | Reached skill level 27 in Armour
 12852 | D        | Noticed a Killer Klown
 12852 | D        | Noticed a tentacled monstrosity
 12852 | D        | Noticed an electric golem
 12852 | D        | Noticed an orb of fire
 12855 | D        | Gained mutation: Armour fits poorly on your strangely
                  | shaped body. [an orb of fire]
 12860 | D        | Noticed an orb of fire
 12861 | D        | Gained mutation: Your spells are a little easier to cast,
                  | but a little less powerful. [an orb of fire]
 12869 | D        | Killed an orb of fire
 12872 | D        | Killed a tentacled monstrosity
 12878 | D        | Noticed an ancient lich
 12884 | D        | Gained mutation: Your magical capacity is low. (-10% MP)
                  | [an orb of fire]
 12885 | D        | Killed an orb of fire
 12886 | D        | Killed an electric golem
 12887 | D        | Killed an ancient lich
 12888 | D        | Reached skill level 15 in Long Blades
 12888 | D        | Killed a Killer Klown
 12894 | D        | Noticed an electric golem
 12895 | D        | Noticed an orb of fire
 12897 | D        | Gained mutation: You are frail. (-10% HP) [an orb of fire]
 12903 | D        | Gained mutation: You occasionally lose the ability to read
                  | scrolls when taking damage. [an orb of fire]
 12904 | D        | Killed an orb of fire
 12905 | D        | Killed an electric golem
 13583 | D        | Reached skill level 27 in Shields
 13943 | D        | Noticed an ancient lich
 13944 | D        | Noticed an ancient lich
 13955 | D        | Killed an ancient lich
 13960 | D        | Killed an ancient lich
 13961 | D        | Reached XP level 20. HP: 141/141 MP: 42/42
 14211 | D        | Reached skill level 27 in Maces & Flails
 14228 | D        | Got an elven rune of Zot
 14871 | D        | Noticed the Royal Jelly
 15311 | D        | HP: 4/141 [acid (4)]
 15311 | D        | Killed from afar by an acid blob

Illustrated notes

Levels and vault maps discovered:
D:        linesprint [early_d, line_temple, items_1, d_10, items_2, lair_1,
          lair_end, items_3, orc_1, orc_end, items_4, d_15, swamp_1, shoals_1,
          snake_1, spider_1, d_20, vaults_1, items_5, swamp_end, shoals_end,
          snake_end, spider_end, vaults_end, d_27, items_6, zot_1, zot_end,
          crypt_end, forest_end, elf_end, slime_end, tomb_end, abyss_end,
          pan_hell_end]

Skill      XL: |  1  2  3  4  5  6  7  8  9 10 11 12 13 14 15 16 17 18 19 20 |
---------------+-------------------------------------------------------------+-----
Armour         | 1 2 3 5 6 8 9 11 13 14 16 18 20 23 24 26 27 | 27.0
Invocations    | 1 2 3 5 6 8 9 10 11 13 14 16 18 20 23 24 26 27 | 27.0
Fighting       | 3 4 5 7 8 9 10 11 13 14 16 18 21 23 24 26 27 | 27.0
Maces & Flails | 4 5 6 7 9 11 12 14 16 18 21 22 24 26 27 | 27.0
Dodging        | 3 4 5 6 7 8 9 10 11 13 14 16 18 19 21 23 24 | 24.2
Long Blades    | 4 6 8 9 10 12 19 21 | 21.9
Shields        | 2 6 9 11 14 16 19 21 23 25 27 | 27.0
Spellcasting   | 3 12 18 23 25 | 25.5
Throwing       | |  1.7

Action                     |  1- 3 |  4- 6 |  7- 9 | 10-12 | 13-15 | 16-18 | 19-21 || total
---------------------------+-------+-------+-------+-------+-------+-------+-------++-------
  Melee: Flail             |    24 |     6 |       |       |       |       |       ||    30
         Eudemon blade     |       |    10 |    34 |   128 |   336 |   621 |   382 ||  1511
         Punch             |       |       |     1 |       |       |       |       ||     1
         Unarmed           |       |       |       |       |     4 |       |       ||     4
   Cast: Summon Small Mamm |       |       |       |       |       |     1 |       ||     1
 Invoke: Slouch            |       |       |     2 |    22 |    45 |    52 |    33 ||   154
         Bend Time         |       |       |       |       |     1 |       |       ||     1
    Use: Potion            |     3 |       |       |     1 |     8 |       |     7 ||    19
         Scroll            |       |       |       |       |       |     2 |     4 ||     6
 Armour: Leather armour    |     7 |       |       |       |       |       |       ||     7
         Ring mail         |       |     1 |    26 |    20 |       |       |       ||    47
         Chain mail        |       |       |       |       |    98 |   123 |       ||   221
         Gold dragon scale |       |       |       |       |       |    26 |   101 ||   127
  Dodge: Dodged            |    10 |    11 |    30 |    43 |   231 |   517 |   275 ||  1117
  Block: Kite shield       |       |       |       |    82 |   299 |   510 |   360 ||  1251
